 Dungeon Crawl Stone Soup version 0.23-a0-688-ge64fb27 (webtiles) character file.

98 Anarax the Skirmisher (level 4, -8/40 HPs)
             Began as a Centaur Fighter on Jan 10, 2019.
             Was an Initiate of Kikubaaqudgha.
             Killed by divine providence
             ... invoked by an orc priest
              (11 damage)
             ... on level 3 of the Dungeon.
             The game lasted 00:18:04 (2330 turns).

Anarax the Skirmisher (Centaur Fighter)             Turns: 2330, Time: 00:18:05

Health: -8/40      AC:  6    Str: 20    XL:     4   Next: 44%
Magic:  4/4        EV:  3    Int:  7    God:    Kikubaaqudgha [......]
Gold:   26         SH:  8    Dex:  8    Spells: 3/3 levels left

rFire    . . .     SeeInvis .   h - +3 dagger
rCold    . . .     Gourm    .   c - +0 shield
rNeg     . . .     Faith    .   o - -1 chain mail
rPois    .         Spirit   .   (no helmet)
rElec    .         Reflect  .   (no cloak)
rCorr    .         Harm     .   (no gloves)
MR       .....                  (no barding)
Stlth    ..........             (no amulet)
HPRegen  0.13/turn              (no ring)
MPRegen  0.09/turn              (no ring)

@: very quick
A: large, hooves 3, deformed body, speed 2, tough skin 3
a: Renounce Religion


You were on level 3 of the Dungeon.
You worshipped Kikubaaqudgha.
Kikubaaqudgha was noncommittal.
You were not hungry.

You visited 1 branch of the dungeon, and saw 3 of its levels.

You collected 26 gold pieces.

Inventory:

Hand Weapons
 a - a +0 long sword
 g - a +0 mace
 h - a +3 dagger (weapon)
Missiles
 j - 18 poisoned needles (quivered)
Armour
 b - a +0 scale mail
 c - a +0 shield (worn)
 k - a +0 robe
 n - a +0 ring mail
 o - a -1 chain mail (worn)
Potions
 d - 2 potions of might
 e - a potion of brilliance {unknown}
 f - a potion of curing {unknown}
 i - a potion of magic
Comestibles
 l - a ration


   Skills:
 + Level 3.8 Fighting
 + Level 0.1(1.3) Short Blades
 + Level 2.2 Long Blades
 + Level 2.5 Armour
 + Level 0.5 Dodging
 + Level 2.8 Shields


You had 3 spell levels left.
You didn't know any spells.
Your spell library was empty.

Dungeon Overview and Level Annotations

Branches:
Dungeon (3/15)

Altars:
Ashenzari
Fedhas
Hepliaklqana
Kikubaaqudgha


Innate Abilities, Weirdness & Mutations

You have hooves in place of feet.
Armour fits poorly on your strangely shaped body.
You cover ground very quickly.
You have extremely tough skin. (AC +3)


Message History

Kikubaaqudgha accepts your kill.
The orc priest casts a cantrip, but nothing happens.
Things that are here:
a +0 club; an orc corpse The orc priest invokes the aid of Beogh against you.
Pain shoots through your body! You block the orc priest's attack.
You closely miss the orc priest.
The orc priest miscasts a cantrip.
The orc priest invokes the aid of Beogh against you.
Beogh smites you!
* * * LOW HITPOINT WARNING * * *
You barely miss the orc priest. You kick the orc priest.
The orc priest is moderately wounded.
The orc priest hits you but does no damage.
You hit the orc priest.
The orc priest is heavily wounded.
The orc priest invokes the aid of Beogh against you.
Beogh smites you!
You die...
Kikubaaqudgha rasps: "You have failed me!
Welcome... death!"

#. #. # #.#
######.#
###.####o@)...#.##
... #.
......o.†).......
.... #.
##......######.##
.... #.###..###.#
.....#..........#
....#....#.#######
........'........
...#....#.#######
#....#.#


You could see 2 orc priests.

Vanquished Creatures
  A gnoll (D:1)
  3 adders
  An ooze (D:2)
  5 dart slugs
  3 orcs (D:3)
  2 ball pythons
  4 giant cockroaches
  6 goblins
  4 hobgoblins
  4 kobolds
  A quokka (D:2)
  8 bats
  4 rats
46 creatures vanquished.

Notes
Turn   | Place    | Note
-------+----------+-------------------------------------------
     0 | D:1      | Anarax the Centaur Fighter began the quest for the Orb.
     0 | D:1      | Reached XP level 1. HP: 19/19 MP: 1/1
     8 | D:1      | Reached XP level 2. HP: 22/26 MP: 2/2
   376 | D:1      | Reached XP level 3. HP: 29/31 MP: 3/3
  1139 | D:2      | Reached XP level 4. HP: 39/40 MP: 4/4
  1997 | D:2      | Found an ancient bone altar of Kikubaaqudgha.
  2000 | D:2      | Found a hazy altar of Hepliaklqana.
  2025 | D:2      | Found a blossoming altar of Fedhas.
  2044 | D:2      | Found a shattered altar of Ashenzari.
  2065 | D:2      | Became a worshipper of Kikubaaqudgha
  2330 | D:3      | Killed from afar by an orc priest

Vault maps used:
D:1:      dpeg_arrival_tiny_j, feat_on_display
D:2:      grunt_temple_overflow_cloverleaf
D:3:      uniq_robin, uniq_natasha

Skill      XL: |  1  2 |
---------------+-------+-----
Long Blades    | 2 |  2.2
Fighting       | |  3.8
Short Blades   | |  0.1
Armour         | |  2.5
Dodging        | |  0.5
Shields        | |  2.8

Action                   |  1- 3 |  4- 6 || total
-------------------------+-------+-------++-------
Melee: Long sword        |    29 |       ||    29
       Kick              |    20 |     9 ||    29
       Dagger            |    51 |    40 ||    91
  Use: Scroll            |       |     5 ||     5
  Eat: Ration            |       |     1 ||     1
Armor: Scale mail        |    51 |     3 ||    54
       Chain mail        |       |    21 ||    21
Dodge: Dodged            |    19 |     5 ||    24
Block: Shield            |    45 |    30 ||    75
       Rpst.: Long sword |     3 |       ||     3

Table legend:
 A = Non-vault XP
 B = Vault XP
 C = Vault XP percentage of total XP
 D = Non-vault monster count
 E = Vault monster count
 F = Vault count percentage of total count
                 A         B        C        D         E       F
            +---------+---------+-------+---------+---------+-------
      Total |     141 |       0 |   0.0 |      46 |       0 |   0.0
            +---------+---------+-------+---------+---------+-------
        D:1 |      62 |       0 |   0.0 |      24 |       0 |   0.0
        D:2 |      57 |       0 |   0.0 |      18 |       0 |   0.0
        D:3 |      22 |       0 |   0.0 |       4 |       0 |   0.0
            +---------+---------+-------+---------+---------+-------
